 Dungeon Crawl Stone Soup version 0.26.0-10-g1f06aea511 (webtiles) character file.

Game seed: 10232488742286192716

49092 sanka the Severer (level 14, -5/127 HPs)
             Began as a Ghoul Fire Elementalist on Jan 18, 2021.
             Was a High Priest of Makhleb.
             Slain by a dire elephant (24 damage)
             ... on level 6 of the Lair of Beasts on Jan 19, 2021.
             The game lasted 00:47:00 (25549 turns).

sanka the Severer (Ghoul Fire Elementalist)        Turns: 25549, Time: 00:47:00

Health: -5/127     AC: 27    Str: 17    XL:     14   Next: 49%
Magic:  19/19      EV:  6    Int: 10    God:    Makhleb [*****.]
Gold:   870        SH:  0    Dex: 12    Spells: 15/16 levels left

rFire    . . .     SeeInvis .   a - +3 battleaxe (freeze)
rCold    + + .     Faith    .   (shield currently unavailable)
rNeg     + + +     Spirit   .   M - +0 plate armour
rPois    ∞         Reflect  .   s - +2 helmet
rElec    .         Harm     .   h - +2 cloak {rCorr}
rCorr    +         Rampage  .   x - +2 pair of gloves {Dex+3}
Will     ++...                  t - +2 pair of boots
Stlth    ..........             S - amulet of regeneration
HPRegen  0.00/turn              y - ring of willpower
MPRegen  0.16/turn              O - ring of protection from cold

@: no status effects
A: claws 1, cold resistance 1, negative energy resistance 3, inhibited
regeneration, torment resistance, unbreathing
a: Renounce Religion, Minor Destruction, Lesser Servant of Makhleb, Major
Destruction, Greater Servant of Makhleb


You were on level 6 of the Lair of Beasts.
You worshipped Makhleb.
Makhleb was extremely pleased with you.
You visited 3 branches of the dungeon, and saw 18 of its levels.

You collected 1332 gold pieces.
You spent 462 gold pieces at shops.


Innate Abilities, Weirdness & Mutations

You thrive by killing the living.
You are immune to poison.
You have sharp fingernails.
Your flesh is cold resistant. (rC+)
You are immune to negative energy. (rN+++)
You do not regenerate when monsters are visible.
You are immune to unholy pain and torment.
You can survive without breathing.


   Skills:
 + Level 12.6 Fighting
 * Level 15.8 Axes
 + Level 9.3 Armour
 - Level 1.7 Dodging
 - Level 2.1 Stealth
 - Level 1.7 Spellcasting
 - Level 0.7 Conjurations
 - Level 2.4 Fire Magic
 + Level 8.4 Invocations


You had 15 spell levels left.
You knew the following spells:

 Your Spells              Type           Power        Failure   Level
z - Foxfire               Conj/Fire      16%          99%         1

Your spell library contained the following spells:

 Spells                   Type           Power        Failure   Level
 Corona                   Hex            0%           100%        1
 Sandblast                Erth           0%           100%        1
 Sting                    Tmut/Pois      0%           100%        1
 Summon Small Mammal      Summ           0%           100%        1
 Call Imp                 Summ           0%           100%        2
 Passwall                 Tmut/Erth      0%           100%        2
 Poisonous Vapours        Pois/Air       0%           100%        2
 Slow                     Hex            0%           100%        2
 Call Canine Familiar     Summ           0%           100%        3
 Confusing Touch          Hex            0%           100%        3
 Conjure Flame            Conj/Fire      4%           100%        3
 Gell's Gravitas          Tloc           0%           100%        3
 Ignite Poison            Fire/Tmut/Pois 2%           100%        3
 Inner Flame              Hex/Fire       3%           100%        3
 Mephitic Cloud           Conj/Pois/Air  1%           100%        3
 Portal Projectile        Hex/Tloc       0%           100%        3
 Stone Arrow              Conj/Erth      2%           100%        3
 Summon Guardian Golem    Hex/Summ       0%           100%        3
 Cause Fear               Hex            0%           100%        4
 Leda's Liquefaction      Hex/Erth       0%           100%        4
 Olgreb's Toxic Radiance  Pois           0%           100%        4
 Petrify                  Tmut/Erth      0%           100%        4
 Sticky Flame             Conj/Fire      4%           100%        4
 Summon Ice Beast         Ice/Summ       0%           100%        4
 Summon Lightning Spire   Summ/Air       0%           100%        4
 Fireball                 Conj/Fire      2%           100%        5
 Lee's Rapid Deconstruct  Erth           0%           100%        5
 Metabolic Englaciation   Hex/Ice        0%           100%        5
 Silence                  Hex/Air        0%           100%        5
 Yara's Violent Unravell  Hex/Tmut       0%           100%        5
 Discord                  Hex            0%           100%        8

Inventory:

Hand Weapons
 a - a +3 battleaxe of freezing (weapon)
 b - a +2 dagger of venom
 K - a +1 vorpal flail
Missiles
 d - 14 curare-tipped darts {=f}
 k - 51 sling bullets
 v - a throwing net {=f}
Armour
 h - a +2 cloak of preservation (worn)
 s - a +2 helmet (worn)
 t - a +2 pair of boots (worn)
 x - a +2 pair of gloves of dexterity (worn)
 M - a +0 plate armour (worn)
Magical Staves
 H - an uncursed staff of fire
 N - an uncursed staff of air
Jewellery
 y - a ring of willpower (left hand)
 O - a ring of protection from cold (right hand)
 P - an uncursed ring of ice
 S - an amulet of regeneration (around neck)
Wands
 i - a wand of digging (5)
 j - a wand of iceblast (22)
 o - a wand of random effects (21)
 u - a wand of paralysis (35)
 z - a wand of polymorph (6)
 G - a wand of disintegration (35)
 J - a wand of flame (46)
 U - a wand of acid (6)
Scrolls
 c - 3 scrolls of immolation {!r}
 e - 2 scrolls of blinking
 f - 2 scrolls of enchant armour
 n - 8 scrolls of teleportation {@r4}
 p - 3 scrolls of fog
 r - 3 scrolls of magic mapping
 B - 8 scrolls of identify {@r1}
 C - 2 scrolls of fear
 D - 8 scrolls of remove curse
 E - 2 scrolls of vulnerability {!r}
Potions
 g - 3 potions of might
 l - 3 potions of heal wounds {@q2}
 m - 2 potions of resistance
 w - 2 potions of flight
 A - 2 potions of brilliance
 F - 2 potions of ambrosia
 I - 6 potions of invisibility
 Q - 4 potions of magic
 R - 7 potions of curing {@q1}
 T - a potion of cancellation

Dungeon Overview and Level Annotations

Branches:
Dungeon (11/15)            Temple (1/1) D:7            Lair (6/6) D:11
  Swamp (0/4) Lair:4       Spider (0/4) Lair:3        Slime (0/5) Lair:5
    Orc (0/2) D:11

Altars:
Ashenzari
Cheibriados
Dithmenos
Elyvilon
Fedhas
Gozag
Hepliaklqana
Kikubaaqudgha
Makhleb
Nemelex Xobeh
Okawaru
Qazlal
Ru
Sif Muna
Trog
Uskayaw
Vehumet
Xom
Yredelemnul
The Shining One

Shops:
D:4 [   D:6 * D:7

! ▒..▒▒ ▒▒.^f▒..▒...▒....(.▒
▒▒▒▒..
....▒▒▒▒..▒▒^....▒▒.▒▒▒▒.▒▒▒▒▒...
....▒▒..............f▒▒...▒......
▒f....▒...▒.P.......▒▒▒..........
.....▒▒.......▒▒.....▒▒|.▒.......
.....▒....f...▒▒..▒P.....▒.......
.P.▒........▒.▒........(.........
...▒...f.....▒...................
......P.........n....f.▒..▒...f.▒
▒..f..▒...f...▒Y▒.▒▒.......▒...▒.
.....▒..▒........................
▒▒.............▒.................
▒.▒f▒▒▒.......................▒.
▒▒▒▒▒ ▒▒.....▒..▒.▒▒..▒........▒
▒....▒▒▒▒▒▒▒▒.▒........▒.
▒▒▒▒..▒▒▒▒ ▒▒▒P........▒ ▒▒
▒▒▒▒.▒......▒▒▒▒▒▒P..(.▒▒▒..▒


You could see a dire elephant.


Message History

The dire elephant tramples you!
* * * LOW HITPOINT WARNING * * *
You hold your ground!
The dire elephant trunk-slaps you but does no damage.
You hit the dire elephant. You freeze the dire elephant.
The dire elephant is heavily wounded.
The dire elephant tramples you!
* * * LOW HITPOINT WARNING * * *
You hold your ground!
The dire elephant trunk-slaps you but does no damage.
You hit the dire elephant. You freeze the dire elephant.
The dire elephant is heavily wounded.
The dire elephant tramples you!
* * * LOW HITPOINT WARNING * * *
You hold your ground!
The dire elephant trunk-slaps you but does no damage.
You slash the dire elephant! You freeze the dire elephant.
The dire elephant is heavily wounded.
The dire elephant tramples you!
* * * LOW HITPOINT WARNING * * *
You hold your ground!
The dire elephant trunk-slaps you but does no damage.
You see here 13 stones.
There is an open gate here.
There is an escape hatch in the ceiling here.
The dire elephant tramples you!!
You die...

Action                   |  1- 3 |  4- 6 |  7- 9 | 10-12 | 13-15 || total
-------------------------+-------+-------+-------+-------+-------++-------
Melee: Unarmed           |    97 |       |       |       |       ||    97
       Mace              |   101 |    22 |       |       |       ||   123
       Flail             |       |    83 |   178 |     1 |     5 ||   267
       Dagger            |       |    79 |   207 |    71 |       ||   357
       War axe           |       |       |    94 |   750 |       ||   844
       Battleaxe         |       |       |       |   282 |   567 ||   849
Invok: Lesser Servant of |       |       |       |     5 |     1 ||     6
       Minor Destruction |       |       |       |     4 |     4 ||     8
Evoke: Wand              |       |       |     1 |    14 |     1 ||    16
  Use: Scroll            |       |       |     2 |    18 |    10 ||    30
       Potion            |       |       |       |    10 |       ||    10
 Stab: Sleeping          |     1 |       |       |       |       ||     1
       Paralysed         |       |       |       |     2 |       ||     2
       Distracted        |       |       |       |     1 |       ||     1
Armor: Robe              |     8 |       |       |       |       ||     8
       Chain mail        |   120 |   155 |   372 |       |       ||   647
       Plate armour      |       |       |   112 |   988 |   555 ||  1655
Dodge: Dodged            |    80 |    51 |   180 |   314 |   192 ||   817

Levels and vault maps discovered:
D:1:      dpeg_arrival_morbid_curiosity, layout_loops_ring, minivault_5
D:2:      layout_rooms, wander_ebering_terrifying_dragon_lair
D:3:      layout_basic
D:4:      layout_gridville, nicolae_gozag_seed_capital,
          gammafunk_temple_overflow_pools, serial_shops, shop,
          minmay_curled_crystal, fedhas_ov_isle_minmay
D:5:      layout_gridville, gammafunk_ghost_mausoleum, grunt_ministairs_10
D:6:      layout_rooms, gammafunk_ghost_nasty_kobolds, serial_shops, shop,
          basic_altar
D:7:      layout_basic, minmay_temple_entry_large_hall,
          nicolae_ossuary_entry_catacombs, serial_shops, shop_statue
D:8:      layout_basic, nemelex_xobeh_ov_fountains_minmay, kennysheep_mini,
          serial_bayou, serial_bayou_ford_a, serial_bayou_pond_c,
          serial_bayou_pond_e, serial_bayou_pond_e, serial_bayou_pond_e,
          grunt_decor_fettered, minmay_misc_feat_chi, uniq_psyche, uniq_erica
D:9:      layout_irregular_city, nicolae_dithmenos_the_darkroom,
          lemuel_zombie_altar_kikubaaqudgha, patterned_corridor, uniq_maurice
D:10:     layout_loops_cross, kennysheep_generic_room_15
D:11:     lemuel_reptile_caves, layout_loops_cross,
          grunt_lair_entry_orc_guard_hut, minivault_25, water_boxes_lemuel
Temple:   regret_index_temple_generic_petals
Lair:1:   layout_cave_pods, beast_lair_carwin_4, uniq_nergalle, uniq_gastronok,
          uniq_prince_ribbit2
Lair:2:   layout_long_grid, beast_lair_carwin_8, grunt_megastairs_2, uniq_sonja
Lair:3:   layout_roguey, spider_nest_entry_a, minmay_hedge_maze
Lair:4:   layout_regular_city, nicolae_swamp_entry_splash_gauntlet
Lair:5:   layout_hall_layers, minmay_slime_entry_pillars, lemuel_fruit_tree
Lair:6:   due_jungle_book, layout_loops_ring, uniq_josephine

Notes
Turn   | Place    | Note
-------+----------+-------------------------------------------
     0 | D:1      | sanka the Ghoul Fire Elementalist began the quest for the
                  | Orb.
     0 | D:1      | Reached XP level 1. HP: 14/14 MP: 2/2
    40 | D:1      | Reached skill level 1 in Fighting
    82 | D:1      | Reached XP level 2. HP: 17/24 MP: 3/3
   197 | D:1      | Reached skill level 2 in Fighting
  1254 | D:1      | Reached XP level 3. HP: 21/30 MP: 4/4
  1664 | D:1      | Reached skill level 3 in Fighting
  3051 | D:2      | Reached XP level 4. HP: 40/40 MP: 5/5
  3514 | D:3      | Reached skill level 4 in Fighting
  3865 | D:3      | Reached XP level 5. HP: 43/47 MP: 6/6
  4007 | D:1      | Reached skill level 5 in Fighting
  4438 | D:4      | Found an opulent altar of Gozag.
  4469 | D:4      | Reached skill level 6 in Fighting
  4507 | D:4      | Reached XP level 6. HP: 54/57 MP: 7/7
  4771 | D:4      | Reached skill level 7 in Fighting
  4881 | D:4      | Found a blossoming altar of Fedhas.
  4932 | D:4      | Found Yxkuol's Armour Shop.
  5110 | D:4      | Bought a +1 pair of gloves of dexterity for 181 gold pieces
  5213 | D:4      | Found a glowing golden altar of the Shining One.
  5214 | D:4      | Found a stormy altar of Qazlal.
  5260 | D:5      | Entered Level 5 of the Dungeon
  5268 | D:4      | Reached XP level 7. HP: 66/66 MP: 8/8
  5291 | D:5      | Found a transporter.
  5291 | D:5      | Noticed Goblin1989's ghost (weakling DsDe)
  5296 | D:5      | Found a transporter.
  5547 | D:5      | Reached skill level 1 in Armour
  5980 | D:5      | Reached skill level 8 in Fighting
  5985 | D:5      | Killed Goblin1989's ghost
  6052 | D:6      | Found Neuf's General Store.
  6069 | D:6      | Reached skill level 2 in Armour
  6371 | D:5      | Reached skill level 9 in Fighting
  6371 | D:5      | Reached XP level 8. HP: 49/78 MP: 9/9
  6702 | D:6      | Reached skill level 3 in Armour
  6770 | D:6      | Noticed night's ghost (novice DsIE)
  6770 | D:6      | Noticed a kobold demonologist
  6771 | D:6      | Found a runed translucent gate.
  6771 | D:6      | Found a runed translucent gate.
  6771 | D:6      | Found a runed translucent gate.
  6771 | D:6      | Identified the +4 whip of the New World {venom, *Corrode
                  | rPois Str+2 Int+5}
  7609 | D:6      | Found a shimmering altar of Xom.
  7796 | D:7      | Found Waofrinu's Distillery.
  8126 | D:7      | Reached skill level 10 in Fighting
  8126 | D:7      | Reached skill level 4 in Armour
  8174 | D:7      | Found a staircase to the Ecumenical Temple.
  8190 | Temple   | Entered the Ecumenical Temple
  8505 | Temple   | Became a worshipper of Makhleb the Destroyer
  8668 | D:7      | Reached skill level 5 in Armour
  8710 | D:7      | Reached XP level 9. HP: 82/85 MP: 10/10
  8895 | D:7      | Reached skill level 1 in Axes
  9130 | D:7      | Reached skill level 6 in Armour
  9135 | D:7      | Reached skill level 2 in Axes
  9817 | D:8      | Reached skill level 3 in Axes
  9989 | D:8      | Noticed Psyche
  9999 | D:8      | Killed Psyche
 10000 | D:8      | Reached skill level 4 in Axes
 10242 | D:8      | Found a sparkling altar of Nemelex Xobeh.
 10334 | D:8      | Reached * piety under Makhleb
 10355 | D:8      | Reached skill level 5 in Axes
 10358 | D:8      | Noticed Erica
 10406 | D:8      | Killed Erica
 10407 | D:8      | Reached skill level 6 in Axes
 10468 | D:7      | Reached skill level 7 in Axes
 10468 | D:7      | Reached XP level 10. HP: 25/93 MP: 11/11
 11071 | D:8      | Reached skill level 1 in Invocations
 11573 | D:4      | Bought a +2 pair of boots for 181 gold pieces
 11699 | D:5      | HP: 2/93 [night's ghost/Freeze (9)]
 11706 | D:5      | HP: 4/93 [night's ghost (5)]
 11708 | D:5      | Identified 3 potions of resistance
 11710 | D:5      | Killed night's ghost
 11711 | D:5      | Reached skill level 2 in Invocations
 12297 | D:6      | Killed an unseen horror
 12298 | D:6      | Reached skill level 8 in Axes
 12298 | D:6      | Reached skill level 3 in Invocations
 12784 | D:6      | Noticed a soul eater
 12790 | D:6      | Killed a kobold demonologist
 12791 | D:6      | Reached skill level 4 in Invocations
 13154 | D:8      | Found a radiant altar of Vehumet.
 13247 | D:7      | Bought 2 potions of heal wounds for 100 gold pieces
 13302 | D:8      | Reached skill level 9 in Axes
 13535 | D:9      | Noticed Maurice
 13777 | D:9      | Killed Maurice
 13854 | D:9      | Found a shadowy altar of Dithmenos.
 14379 | D:9      | Reached skill level 10 in Axes
 14430 | D:9      | Noticed a two-headed ogre
 14578 | D:9      | Reached ** piety under Makhleb
 14711 | D:9      | Reached XP level 11. HP: 99/99 MP: 13/13
 14781 | D:9      | Killed a two-headed ogre
 14893 | D:9      | Found an ancient bone altar of Kikubaaqudgha.
 15103 | D:10     | Entered Level 10 of the Dungeon
 15348 | D:10     | Noticed a two-headed ogre
 15380 | D:10     | Killed a two-headed ogre
 15381 | D:10     | Reached skill level 11 in Axes
 16011 | D:10     | Reached *** piety under Makhleb
 16217 | D:10     | Killed an unseen horror
 16689 | D:11     | Reached skill level 12 in Axes
 17340 | D:11     | Reached **** piety under Makhleb
 17696 | D:11     | Noticed a cyan ugly thing
 17706 | D:11     | Killed a cyan ugly thing
 17707 | D:11     | Reached skill level 13 in Axes
 17918 | D:11     | Reached XP level 12. HP: 106/106 MP: 14/14
 18150 | D:11     | Found a staircase to the Orcish Mines.
 18203 | D:11     | Found a staircase to the Lair.
 18679 | Lair:1   | Entered Level 1 of the Lair of Beasts
 18974 | Lair:1   | Noticed Nergalle
 19012 | Lair:1   | Killed Nergalle
 19194 | Lair:1   | Noticed Gastronok
 19204 | Lair:1   | Killed Gastronok
 19533 | Lair:1   | Noticed Prince Ribbit
 19566 | Lair:1   | Killed Prince Ribbit
 19789 | Lair:1   | Noticed a seven-headed hydra
 19796 | Lair:1   | Killed a seven-headed hydra
 19797 | Lair:1   | Reached skill level 7 in Armour
 19884 | Lair:1   | Reached skill level 14 in Axes
 20611 | Lair:2   | Noticed Sonja
 20629 | Lair:2   | Killed Sonja
 20630 | Lair:2   | Reached skill level 11 in Fighting
 20658 | Lair:2   | Noticed a catoblepas
 20675 | Lair:2   | Killed a catoblepas
 21335 | Lair:3   | Reached skill level 5 in Invocations
 21501 | Lair:3   | Reached XP level 13. HP: 116/116 MP: 15/15
 21503 | Lair:3   | Found a hole to the Spider Nest.
 22599 | Lair:3   | Reached skill level 6 in Invocations
 22834 | Lair:3   | Reached skill level 8 in Armour
 23026 | Lair:4   | Found a staircase to the Swamp.
 23274 | Lair:5   | Found a staircase to the Slime Pits.
 23429 | Lair:5   | Got a brightly glowing long sword
 23430 | Lair:5   | Identified the +9 long sword of Muzu {freeze, Int+4} (You
                  | found it on level 5 of the Lair of Beasts)
 23877 | Lair:6   | Entered Level 6 of the Lair of Beasts
 23897 | Lair:6   | Reached skill level 15 in Axes
 23982 | Lair:6   | Reached skill level 7 in Invocations
 24040 | Lair:6   | Reached skill level 12 in Fighting
 24043 | Lair:6   | Noticed Josephine
 24055 | Lair:6   | Killed Josephine
 24141 | Lair:6   | HP: 7/118 [death yak (9)]
 24208 | Lair:5   | Reached XP level 14. HP: 34/126 MP: 18/18
 24352 | Lair:5   | Reached ***** piety under Makhleb
 24458 | Lair:6   | Reached skill level 9 in Armour
 24796 | Lair:6   | Reached skill level 8 in Invocations
 25339 | Lair:6   | Noticed a dire elephant
 25340 | Lair:6   | Noticed a dire elephant
 25351 | Lair:6   | Killed a dire elephant
 25364 | Lair:6   | Killed a dire elephant
 25485 | Lair:6   | Noticed a dire elephant
 25485 | Lair:6   | Noticed a dire elephant
 25512 | Lair:6   | Killed a dire elephant
 25549 | Lair:6   | Slain by a dire elephant

Vanquished Creatures
  Gastronok (Lair:1)
  3 dire elephants (Lair:6)
  Josephine (Lair:6)
  2 hydras
  Erica (D:8)
  An anaconda (Lair:6)
  2 two-headed ogres
  9 death yaks
  Sonja (Lair:2)
  Nergalle (Lair:1)
  2 unseen horrors
  2 bog bodies (Lair:4)
  An ugly thing (D:11)
  The ghost of night the Chiller, a novice DsIE of Sif Muna (D:5)
  23 elephants
  Maurice (D:9)
  2 black mambas
  Psyche (D:8)
  10 cane toads
  A kobold demonologist (D:6)
  12 komodo dragons
  2 trolls (D:11)
  4 polar bears
  Prince Ribbit (Lair:1)
  A slime creature (Lair:5)
  7 blink frogs
  A shadow (D:11)
  A water elemental (D:11)
  2 wyverns
  A basilisk (Lair:4)
  4 wraiths (Lair:6)
  19 yaks
  2 swamp worms (Lair:4)
  11 water moccasins
  An ice beast (D:9)
  5 orc warriors
  2 black bears
  2 sky beasts
  6 wolves (Lair:2)
  A phantom (D:6)
  8 ogres
  7 centaurs
  9 big kobolds
  15 bullfrogs
  An elf zombie (D:7)
  An elf skeleton (D:7)
  2 wyvern zombies
  7 scorpions
  6 killer bees
  4 wights
  5 howler monkeys
  6 jellies
  3 electric eels
  A quasit (D:11)
  A human zombie (D:7)
  5 hounds
  5 orc priests
  A bullfrog skeleton (D:6)
  A centaur skeleton (D:5)
  2 human skeletons (D:7)
  13 iguanas
  9 worker ants
  5 orc wizards
  7 hell rats (Lair:4)
  A howler monkey zombie (D:6)
  11 adders
  4 shadow imps
  5 white imps
  3 ufetubi
  3 oozes
  2 adder zombies (D:8)
  An adder skeleton (D:9)
  5 worms
  The ghost of Goblin1989 the Sneak, a weakling DsDe (D:5)
  2 dart slugs
  12 leopard geckos
  31 orcs
  A bat zombie (D:9)
  5 giant cockroaches
  10 goblins
  9 hobgoblins
  9 jackals
  3 quokkas
  A ball python (D:3)
  A ball python zombie (D:5)
  2 bats
  8 frilled lizards
  14 kobolds
  A leopard gecko zombie (D:8)
  4 orc skeletons (D:7)
  2 orc zombies (D:7)
  A quokka skeleton (D:5)
  5 rats
  A rat zombie (D:9)
433 creatures vanquished.

Vanquished Creatures (collateral kills)
  A catoblepas (Lair:2)
  A cane toad (Lair:1)
  A yak (Lair:1)
  2 water moccasins (Lair:1)
  A bullfrog (Lair:1)
6 creatures vanquished.

Vanquished Creatures (others)
  42 fungi
  68 plants
110 creatures vanquished.

Grand Total: 549 creatures vanquished

Table legend: (Time is in decaauts)
 A = Elapsed time spent in this place.
 B = Non-inter-level travel time spent in this place.
 C = Inter-level travel time spent in this place.
 D = Time resting spent in this place.
 E = Time spent auto-exploring this place.
 F = Levels seen in this place.
 G = Mean time per level.
                   A        B        C        D        E       F      G
               +--------+--------+--------+--------+--------+-----+--------+
         Total |  25759 |  24384 |   1375 |   8433 |  10205 |  18 | 1431.1 |
       Dungeon |  18540 |  17471 |   1069 |   7043 |   6275 |  11 | 1685.5 |
        Temple |    339 |    316 |     23 |      0 |    307 |   1 |  339.0 |
          Lair |   6879 |   6596 |    283 |   1390 |   3622 |   6 | 1146.5 |
               +--------+--------+--------+--------+--------+-----+--------+

Top non-repeatable levels by time:
     D:1: 2847 daAuts
     D:5: 2263 daAuts
     D:8: 2147 daAuts
    D:11: 2088 daAuts
     D:7: 1983 daAuts
     D:6: 1781 daAuts
  Lair:1: 1554 daAuts
  Lair:6: 1499 daAuts
    D:10: 1459 daAuts
     D:9: 1386 daAuts
  Lair:4: 1108 daAuts
     D:4: 1068 daAuts
  Lair:3: 1012 daAuts
  Lair:2: 924 daAuts
     D:3: 854 daAuts
